Map: Frostline LE

Players

HuShang

  • Race: Protoss Protoss
  • Spawn Location: 1:00

A.I. 1 (Very Easy) - Winner!

  • Race: Zerg Zerg
  • Spawn Location: 7:00

VOD

Have the link to the VOD?

Description

Time

  • Played on: Dec. 4, 2024, 5:58 p.m.
  • Length: 8:32
Show
View Real Time Build Order
Export as new Build Order

HuShang Protoss 

Build Orders: 1 Gate Expand, Oracle Opening 

Get SALT Encoding   

  12  0:00  Probe  
  13  0:12  Probe  
  14  0:18  Pylon  
  14  0:24  Probe  
  15  0:36  Probe  
  15  0:39  Gateway  
  16  0:44  Probe, Assimilator  
  17  0:52  Probe  
  18  1:03  Probe  
  19  1:15  Probe  
  20  1:25  Nexus  
  20  1:36  Cybernetics Core  
  20  1:40  Assimilator  
  20  1:43  Probe  
  21  1:50  Pylon  
  21  1:55  Probe  
  22  2:03  Adept  
  22  2:07  Probe  
  25  2:17  Stargate  
  25  2:19  Probe  
  26  2:23  Adept  
  26  2:26  Warp Gate  
  26  2:32  Probe  
  26  2:36  Probe  
  30  2:44  Probe x2  
  32  2:52  Probe  
  32  2:53  Adept  
  32  2:56  Probe  
  36  3:00  Oracle  
  36  3:03  Probe  
  40  3:08  Probe  
  41  3:15  Probe  
  42  3:20  Probe  
  42  3:21  Pylon  
  43  3:27  Probe  
  43  3:32  Probe  
  43  3:33  Oracle  
  45  3:39  Probe  
  49  3:44  Probe  
  49  3:47  Nexus  
  50  3:51  Probe  
  50  3:55  Gateway  
  51  3:56  Probe  
  52  4:03  Probe  
  52  4:08  Forge, Probe  
  52  4:09  Twilight Council  
  54  4:11  Pylon, Protoss Ground Weapons Level 1  
  54  4:15  Blink  
  54  4:29  Probe x2, Gateway  
  54  4:31  Gateway  
  56  4:36  Assimilator  
  56  4:41  Probe x2  
  58  4:49  Assimilator  
  58  4:53  Probe x2  
  58  4:56  Stalker, Pylon  
  58  4:58  Probe  
  58  4:59  Stalker  
  65  5:05  Probe  
  65  5:06  Probe  
  67  5:11  Probe  
  68  5:17  Probe  
  68  5:18  Probe  
  68  5:20  Stalker  
  72  5:22  Stalker  
  72  5:24  Probe  
  72  5:28  Gateway  
  75  5:29  Probe  
  75  5:30  Probe, Gateway  
  75  5:33  Stalker x2  
  81  5:36  Probe  
  81  5:41  Probe  
  81  5:42  Probe  
  84  5:45  Photon Cannon  
  84  5:48  Pylon  
  84  5:49  Pylon  
  84  5:58  Protoss Ground Weapons Level 2  
  84  6:00  Pylon  
  84  6:01  Charge  
  84  6:06  Stalker x3  
  84  6:07  Stalker  
  92  6:23  Stalker, Gateway x2  
  92  6:25  Stalker  
  96  6:30  Stalker x3, Pylon  
  96  6:31  Pylon, Zealot  
  104  6:51  Robotics Facility  
  104  6:54  Nexus  
  104  6:55  Pylon  
  104  6:59  Pylon  
  104  7:01  Probe x3  
  104  7:04  Templar Archives  
  107  7:13  Probe x3  
  107  7:14  Zealot x6  
  122  7:24  Zealot x2  
  122  7:25  Probe x2  
  122  7:26  Probe  
  129  7:36  Pylon x2  
  129  7:37  Zealot x5  
  129  7:38  Pylon  
  129  7:42  Zealot  
  141  7:55  Pylon  
  141  7:56  High Templar x2  
  141  7:58  High Templar x2, Zealot x2  
  149  7:59  Zealot  
  149  8:00  Pylon  
  149  8:01  Archon  
  149  8:02  Archon  
  149  8:03  Zealot  
  157  8:12  Gateway, Pylon  
  157  8:13  Gateway, Pylon x2  
  157  8:28  Gateway  
  157  8:32  Gateway  
Show
View Real Time Build Order
Export as new Build Order

A.I. 1 (Very Easy) Zerg - Winner!

Build Orders: Hatch First 

Get SALT Encoding   

  12  0:01  Drone  
  13  0:12  Overlord  
  13  0:17  Drone  
  14  0:41  Hatchery  
  13  0:43  Drone  
  14  0:59  Spawning Pool  
  14  1:02  Drone  
  14  1:07  Extractor  
  14  1:10  Drone  
  14  1:17  Overlord  
  14  1:47  Zergling x2  
  15  1:48  Queen  
  15  1:49  Zergling x2  
  18  1:55  Roach Warren  
  18  2:00  Drone  
  18  2:06  Extractor  
  17  2:10  Drone  
  17  2:15  Zergling x2  
  19  2:20  Drone  
  20  2:27  Drone  
  21  2:34  Drone  
  22  2:41  Drone  
  23  2:48  Drone  
  24  2:55  Drone  
  25  2:58  Lair  
  24  3:26  Drone  
  24  3:34  Drone  
  20  3:40  Zergling x2  
  20  3:41  Drone  
  16  3:48  Drone  
  17  3:56  Drone  
  17  3:59  Spire  
  17  4:03  Drone  
  18  4:10  Drone  
  19  4:17  Drone  
  16  4:25  Drone  
  17  4:32  Drone  
  17  4:35  Extractor  
  17  4:40  Drone, Zergling x2  
  18  4:47  Drone  
  19  4:54  Drone  
  20  5:01  Drone  
  20  5:02  Extractor  
  20  5:08  Drone  
  20  5:15  Drone  
  20  5:21  Mutalisk  
  15  5:23  Drone  
  18  5:30  Drone  
  19  5:37  Drone  
  20  5:44  Drone  
  21  5:52  Drone  
  22  5:59  Drone  
  23  6:06  Drone  
  23  6:07  Queen, Zergling x2  
  25  6:13  Drone  
  24  6:20  Drone  
  25  6:27  Drone  
  25  6:28  Overlord  
  25  6:36  Roach  
  19  7:04  Zergling x2  
  19  7:05  Drone  
  21  7:12  Hatchery  
  21  7:13  Drone  
  21  7:22  Extractor  
  20  7:23  Overlord  
  20  7:29  Drone  
  21  7:33  Zergling x2  
  21  7:36  Drone  
  23  7:43  Drone  
  24  7:51  Drone  
  25  7:58  Drone  
  25  8:02  Roach  
  28  8:05  Drone  
  29  8:13  Drone  
Tags
 
Add a new tag
Caveats
  • Supply blocks, unpowered buildings, or Contaminate may cause inaccurate times.
  • Supply counts are checked every 10 seconds.